 Dungeon Crawl Stone Soup version 0.31-a0-354-g827e0957a7 (webtiles) character file.

Game seed: 4509610344310803997

7 drugrobin the Sneak (level 1, -2/18 HPs)
             Began as a Demigod Delver on July 23, 2023.
             Slain by a quokka (4 damage)
             ... on level 1 of the Dungeon.
             The game lasted 00:02:48 (568 turns).

drugrobin the Sneak (Demigod Delver)                 Turns: 568, Time: 00:02:49

Health: -2/18      AC:  3    Str: 19    XL:     1   Next: 73%
Magic:  3/3        EV: 12    Int: 12    God:
Gold:   37         SH:  0    Dex: 15    Spells: 0/0 levels left

rFire   . . .        a - +0 mace
rCold   . . .        (no shield)
rNeg    . . .        b - +0 leather armour
rPois   .            (no helmet)
rElec   .            (no cloak)
rCorr   .            (no gloves)
SInv    .            (no boots)
Will    .....        (no amulet)
Stlth   +++          l - +6 ring of strength
HPRegen 0.23/turn    (no ring)
MPRegen 0.08/turn

%: no passive effects
@: no status effects
A: high MP 1, forlorn, divine attributes
a: no special abilities


You were on level 1 of the Dungeon.
You visited 1 branch of the dungeon, and saw 5 of its levels.

You collected 37 gold pieces.

Inventory:

Hand Weapons
 a - a +0 mace (weapon)
Armour
 b - a +0 leather armour (worn)
 i - a +0 ring mail
Jewellery
 l - a +6 ring of strength (left hand)
Wands
 g - a wand of digging (3)
 h - a wand of roots (6)
Scrolls
 c - a scroll of fog
 d - a scroll of revelation
 e - a scroll of fear
 k - a scroll of teleportation {unknown}
Potions
 f - a potion of haste
 j - a potion of mutation {unknown}


   Skills:
 - Level 2.6 Fighting
 + Level 2.4 Maces & Flails
 - Level 1.7 Dodging
 - Level 4.5 Stealth


You couldn't memorise any spells.
You didn't know any spells.
Your spell library was empty.

Dungeon Overview and Level Annotations

Branches:
Dungeon (5/15)
 Temple: D:4-7

Annotations:
D:3 exclusion: adder


Innate Abilities, Weirdness & Mutations

You have an increased reservoir of magic. (+10% MP)
You shall have no god before yourself.
Your divine heritage dramatically boosts your attributes as you level up.


Message History

The helpless rat fails to defend itself.
You hit the rat.
You kill the rat!
You see here a rat corpse.
A hobgoblin comes into view.
The hobgoblin shouts!
You closely miss the hobgoblin. The hobgoblin closely misses you.
You hit the hobgoblin but do no damage. The hobgoblin closely misses you.
You hit the hobgoblin.
The hobgoblin is moderately wounded.
The hobgoblin closely misses you. The hobgoblin misses you.
You thump the hobgoblin!
You kill the hobgoblin!
You see here a hobgoblin corpse.
A quokka comes into view.
Unknown command.
You hit the quokka.
The quokka is severely wounded.
The quokka bites you. The quokka closely misses you.
You closely miss the quokka.
The quokka is severely wounded.
The quokka barely misses you.
You barely miss the quokka.
The quokka is severely wounded.
The quokka barely misses you. The quokka bites you.
You closely miss the quokka.
The quokka is severely wounded.
The quokka bites you.
You miss the quokka.
The quokka is severely wounded.
The quokka misses you. The quokka bites you.
You hit the quokka but do no damage.
The quokka is severely wounded.
The quokka bites you.
You closely miss the quokka.
The quokka is severely wounded.
The quokka bites you.
* * * LOW HITPOINT WARNING * * *
The quokka bites you.
You die...

#.# #...
#.# ....
#.# ...#
#######.##
#..
#........#
...
#.########
#.# #.#
#r# #.# #
#@# #.#
###.###.#
#.#
........##
#.#######
###......#
#.......#
######.#
#######.#
#.# #.#
#.# #.#
#.# #.#
#.#######
#.#


You could see a quokka.

Vanquished Creatures
  A bat (D:1)
  An endoplasm (D:3)
  A goblin (D:3)
  A hobgoblin (D:1)
  A ball python (D:4)
  2 rats
7 creatures vanquished.

Notes
Turn   | Place    | Note
-------+----------+-------------------------------------------
     0 | D:5      | drugrobin the Demigod Delver began the quest for the Orb.
     0 | D:5      | Reached XP level 1. HP: 18/18 MP: 3/3
   148 | D:4      | Noticed a phantom
   568 | D:1      | Slain by a quokka

Illustrated notes

Levels and vault maps discovered:
D:1:      lightli_arrival_quake, layout_basic
D:2:      layout_loops_corners, hellmonk_ecumenical_altar_heavens_door
D:3:      layout_loops_ring, mainiacjoe_overflow_six_doors_small, serial_shops,
          shop
D:4:      layout_loops_cross, nzn_wu_jian_contemplation,
          chequers_serial_rivers_small_a, corexii_item_surrounded_by_moat,
          minmay_goblin_kobold_house, uniq_pikel, uniq_edmund
D:5:      layout_cave_pools, chequers_temple_overflow_statue_of_worship,
          minmay_temple_entry_trees, dk_noncrumbling_3, minmay_misc_feat_alley,
          minivault_19

Skill      XL: |  1 |
---------------+----+-----
Maces & Flails | 2 |  2.4
Fighting       | |  2.6
Dodging        | |  1.7
Stealth        | |  4.5

Action                     || total
---------------------------++-------
  Melee: Mace              ||    33
   Stab: Sleeping          ||     2
 Armour: Leather armour    ||     6
  Dodge: Dodged            ||    19

Table legend: (Time is in decaauts)
 A = Elapsed time spent in this place.
 B = Non-inter-level travel time spent in this place.
 C = Inter-level travel time spent in this place.
 D = Time resting spent in this place.
 E = Time spent auto-exploring this place.
 F = Levels seen in this place.
 G = Mean time per level.
                   A        B        C        D        E       F      G
               +--------+--------+--------+--------+--------+-----+--------+
         Total |    575 |    559 |     16 |     19 |    168 |   5 |  115.0 |
       Dungeon |    575 |    559 |     16 |     19 |    168 |   5 |  115.0 |
               +--------+--------+--------+--------+--------+-----+--------+

Top non-repeatable levels by time:
     D:1: 179 daAuts
     D:3: 174 daAuts
     D:4: 167 daAuts
     D:2: 48 daAuts
     D:5: 6 daAuts
